 Dungeon Crawl Stone Soup version 0.28.0-47-ge53b351184 (webtiles) character file.

Game seed: 3274611374721506195

3105 pkoi the Grappler (level 9, -2/67 HPs)
             Began as a Demigod Gladiator on May 6, 2022.
             Slain by an orc warrior
             ... wielding a +0 glaive
              (23 damage)
             ... on level 8 of the Dungeon.
             The game lasted 00:20:39 (15333 turns).

pkoi the Grappler (Demigod Gladiator)              Turns: 15333, Time: 00:20:40

Health: -2/67      AC:  0    Str: 19    XL:     9   Next: 34%
Magic:  11/11      EV: 15    Int: 18    God:
Gold:   242        SH:  0    Dex: 15    Spells: 8/8 levels left

rFire   + . .      SeeInvis .     - Unarmed
rCold   + . .      Faith    .   (shield currently unavailable)
rNeg    . . .      Spirit   .   (armour currently unavailable)
rPois   +          Reflect  .   (helmet currently unavailable)
rElec   +          Harm     .   (cloak currently unavailable)
rCorr   +          Rampage  .   (gloves currently unavailable)
Will    .....                   (boots currently unavailable)
Stlth   ++........              (no amulet)
HPRegen 0.21/turn               (ring currently unavailable)
MPRegen 0.12/turn               (ring currently unavailable)

@: pig-form, resistant, very quick
A: fast, no casting, small, high MP 1, forlorn, divine attributes
a: no special abilities


You were on level 8 of the Dungeon.
You were a filthy swine.
You visited 1 branch of the dungeon, and saw 8 of its levels.

You collected 242 gold pieces.

Inventory:

Hand Weapons
 e - a +0 dagger of venom
 n - a +4 dagger
 s - a +2 dagger of protection
Missiles
 q - 15 poisoned darts (quivered)
 u - 3 curare-tipped darts
Armour
 a - a +0 leather armour
 b - a +1 helmet (melded)
 k - +0 steam dragon scales
 m - the +10 tower shield of Ignorance (melded) {rN+ Int-4}
   (You found it on level 2 of the Dungeon)

   Int:       It affects your intelligence (-4).
   rN:        It protects you from negative energy.
 t - a +0 chain mail
 v - the +1 ring mail of Widatt (melded) {rF+}
   (You took it off a gnoll on level 5 of the Dungeon)

   rF:        It protects you from fire.
Jewellery
 o - a ring of fire
Scrolls
 p - 2 scrolls of immolation
 r - a scroll of fog
Potions
 c - a potion of magic
 d - a potion of brilliance {unknown}
 i - a potion of cancellation


   Skills:
 - Level 1.7 Fighting
 - Level 1.7 Throwing
 + Level 2.7 Armour
 - Level 3.0 Dodging
 - Level 2.0 Stealth
 + Level 6.4 Shields
 * Level 10.1 Unarmed Combat


You had 8 spell levels left.
You didn't know any spells.
Your spell library contained the following spells:

 Spells                   Type           Power      Damage    Failure   Level
 Beastly Appendage        Tmut           0%         N/A       22%         1
 Wereblood                Tmut           0%         N/A       32%         2
 Conjure Flame            Conj/Fire      0%         6-21      54%         3
 Ignite Poison            Fire/Tmut/Pois 0%         N/A       54%         3
 Spider Form              Tmut/Pois      0%         N/A       54%         3
 Stone Arrow              Conj/Erth      0%         3d7       54%         3
 Animate Armour           Summ/Erth      0%         N/A       91%         4
 Sticky Flame             Conj/Fire      0%         2d3       91%         4
 Lehudib's Crystal Spear  Conj/Erth      0%         10d2      100%        8


Dungeon Overview and Level Annotations

Branches:
Dungeon (8/15)             Temple (0/1) D:4
   Lair: D:8-11

Annotations:
D:6 Prince Ribbit
D:8 Erica


Innate Abilities, Weirdness & Mutations

You are a filthy swine.
You move quickly.
Your equipment is almost entirely melded.
You are incapable of wielding weapons or throwing items.
You cannot cast spells.
You have an increased reservoir of magic. (+10% MP)
You shall have no god before yourself.
Your divine heritage dramatically boosts your attributes as you level up.


Message History

You closely miss the killer bee.
The killer bee is almost dead.
You block the killer bee's attack.
The killer bee stings you but does no damage.
You block the killer bee's attack.
You closely miss the killer bee.
The killer bee is almost dead.
The killer bee barely misses you. You block the killer bee's attack.
You barely miss the killer bee.
The killer bee is almost dead.
You block the killer bee's attack. x2
You barely miss the killer bee.
The killer bee is almost dead.
You block the killer bee's attack. x2; The killer bee stings you.
* * * LOW HITPOINT WARNING * * *
You are poisoned.
The killer bee poisons you!
You miss the killer bee.
The killer bee is almost dead.
You feel very sick. You block the killer bee's attack. x2
You hit the killer bee.
You kill the killer bee!
You feel sick.
You feel sick.
You feel sick.
You feel sick.
Things that are here:
a +0 dagger; a +0 robe; an orc corpse You feel sick.
You are no longer poisoned.
Things that are here:
a killer bee corpse; a warg corpse The orc warrior shouts!
The orc warrior zaps a wand.
You turn into a filthy swine.
Your +1 helmet melds into your body.
The +10 tower shield of Ignorance {rN+ Int-4} melds into your body.
The +1 ring mail of Widatt {rF+} melds into your body.
The orc warrior hits you from afar with a +0 glaive!!
You die...

..######.## ####### #†#
#..<... ######.####.....>
#..............D.
#................
#########...............h
#......o...........###...
#..................# .@.
#.......h..........# ...
#...D..........#.### ..P
#............[..... .
#(.......#######.#.
#.).[....# .# #<.......#
##########


You could see an orc warrior and an acid dragon (wandering).

Vanquished Creatures
  A steam dragon (D:7)
  2 wargs
  An acid dragon (D:8)
  A water moccasin (D:5)
  An orc warrior (D:7)
  2 ice beasts (D:6)
  An ogre (D:4)
  A centaur (D:7)
  2 phantoms
  3 bullfrogs (D:7)
  3 scorpions
  2 water moccasin zombies
  A wyvern skeleton (D:7)
  8 killer bees
  2 centaur zombies
  2 hounds
  A jelly (D:6)
  3 orc priests
  An iguana (D:5)
  8 orc wizards
  A scorpion zombie (D:5)
  A howler monkey skeleton (D:7)
  7 gnolls
  6 adders
  A shadow imp (D:5)
  A white imp (D:6)
  4 worms
  A dart slug (D:4)
  20 orcs
  6 endoplasms
  9 giant cockroaches
  6 goblins
  7 hobgoblins
  2 quokkas (D:2)
  6 ball pythons
  8 bats
  4 frilled lizards
  10 kobolds
  10 rats
156 creatures vanquished.

Notes
Turn   | Place    | Note
-------+----------+-------------------------------------------
     0 | D:1      | pkoi the Demigod Gladiator began the quest for the Orb.
     0 | D:1      | Reached XP level 1. HP: 17/17 MP: 3/3
   156 | D:1      | Reached skill level 3 in Unarmed Combat
   362 | D:1      | Reached XP level 2. HP: 19/24 MP: 4/4
   972 | D:2      | Reached XP level 3. HP: 25/29 MP: 5/5
  1031 | D:2      | Found the +10 tower shield of Ignorance {rN+ Int-4}
  1536 | D:2      | Reached skill level 4 in Unarmed Combat
  2414 | D:3      | Reached XP level 4. HP: 36/36 MP: 6/6
  2560 | D:3      | Reached skill level 1 in Stealth
  2592 | D:3      | Reached skill level 1 in Shields
  3716 | D:4      | Reached XP level 5. HP: 37/41 MP: 7/7
  3754 | D:4      | Noticed an ogre
  3767 | D:4      | Killed an ogre
  3768 | D:4      | Reached skill level 5 in Unarmed Combat
  3915 | D:4      | Found a staircase to the Ecumenical Temple.
  4059 | D:4      | Noticed a moth of wrath
  4717 | D:5      | Entered Level 5 of the Dungeon
  4766 | D:5      | Reached XP level 6. HP: 45/48 MP: 8/8
  4803 | D:5      | Noticed a water moccasin
  4862 | D:5      | Killed a water moccasin
  4863 | D:5      | HP: 2/48 [poisoned by a water moccasin]
  5510 | D:5      | Reached skill level 6 in Unarmed Combat
  5554 | D:5      | Reached XP level 7. HP: 32/53 MP: 9/9
  6016 | D:5      | Identified the +1 ring mail of Widatt {rF+}
  7256 | D:6      | Reached skill level 7 in Unarmed Combat
  8661 | D:6      | Noticed Prince Ribbit
  9236 | D:6      | Reached XP level 8. HP: 60/60 MP: 10/10
 10197 | D:6      | Reached skill level 8 in Unarmed Combat
 11416 | D:7      | Reached skill level 5 in Shields
 11909 | D:7      | Reached skill level 9 in Unarmed Combat
 12608 | D:8      | Noticed Erica
 12823 | D:8      | Reached skill level 1 in Armour
 12823 | D:8      | Reached XP level 9. HP: 34/67 MP: 11/11
 15148 | D:8      | Reached skill level 10 in Unarmed Combat
 15333 | D:8      | Slain by an orc warrior

Illustrated notes

Levels and vault maps discovered:
D:1:      sevenhm_arrival_forest_fort_large_4, layout_rooms
D:2:      layout_basic
D:3:      layout_basic, dreamdust_ecumenical_altar_hidden_monk_grotto,
          serial_park_tiny_2
D:4:      layout_rooms, grunt_temple_overflow_champion_of_chaos,
          nicolae_overflow_hidden_temple, mainiacjoe_overflow_swirl,
          grunt_gozag_statues, tgw_trog, minmay_temple_entry_ruins,
          serial_rivers, chequers_serial_rivers_small_b,
          chequers_serial_rivers_micro_b, chequers_serial_rivers_room_b,
          chequers_serial_rivers_marsh, chequers_serial_rivers_micro_c
D:5:      layout_basic
D:6:      layout_layer_cave, uniq_prince_ribbit1
D:7:      layout_gridville, kennysheep_small_circle
D:8:      layout_rooms, vehumet_altar_wand_db, erik_lair_orcish_takeover,
          serial_shops, nicolae_lakefront_shop, uniq_erica

Skill      XL: |  1  2  3  4  5  6  7  8  9 |
---------------+----------------------------+-----
Unarmed Combat | 3 4 5 6 7 9 10 | 10.1
Dodging        | 3 |  3.0
Stealth        | 1 2 |  2.0
Shields        | 1 2 3 4 5 6 |  6.4
Armour         | 1 2 |  2.7
Fighting       | |  1.7
Throwing       | |  1.7

Action                   |  1- 3 |  4- 6 |  7- 9 || total
-------------------------+-------+-------+-------++-------
Melee: Hand axe          |    29 |       |       ||    29
       Short sword       |    83 |       |       ||    83
       Unarmed           |     3 |   114 |   399 ||   516
       Dagger            |    56 |   172 |    37 ||   265
       Punch             |     4 |       |       ||     4
Throw: Throwing net      |     3 |     2 |     2 ||     7
       Dart              |       |       |     7 ||     7
  Use: Scroll            |     4 |     8 |     6 ||    18
       Potion            |       |     5 |     4 ||     9
 Stab: Sleeping          |     4 |     1 |       ||     5
Armor: Leather armour    |    40 |    29 |     8 ||    77
       Ring mail         |       |       |    67 ||    67
       Chain mail        |       |       |     3 ||     3
       Steam dragon scal |       |       |     4 ||     4
       Skin              |       |       |     3 ||     3
Dodge: Dodged            |    85 |    40 |    77 ||   202
Block: Tower shield      |    58 |   248 |   569 ||   875
